Map: Ulrena

Players

maynard

  • Race: Protoss Protoss
  • League: Grandmaster

Jason - Winner!

  • Race: Terran Terran
  • League: Grandmaster

VOD

Have the link to the VOD?

Description

Time

  • Played on: Jan. 19, 2016, 12:38 p.m.
  • Length: 15:55
Show
View Real Time Build Order
Export as new Build Order

maynard Protoss 

Build Orders:  

Get SALT Encoding   

  12  0:02  Probe (Chrono Boost)  
  13  0:12  Probe (Chrono Boost)  
  14  0:17  Pylon  
  14  0:23  Probe (Chrono Boost)  
  15  0:35  Gateway  
  15  0:40  Assimilator  
  15  0:44  Probe (Chrono Boost)  
  16  0:55  Probe (Chrono Boost)  
  17  1:05  Probe (Chrono Boost)  
  18  1:16  Probe (Chrono Boost)  
  19  1:22  Cybernetics Core  
  19  1:23  Zealot  
  21  1:29  Probe (Chrono Boost), Pylon  
  22  2:00  Mothership Core (Chrono Boost)  
  24  2:01  Stalker  
  26  2:25  Pylon  
  25  2:34  Assimilator  
  25  2:38  Probe (Chrono Boost)  
  25  2:42  Nexus, Warp Gate (Chrono Boost)  
  26  2:49  Probe (Chrono Boost)  
  26  2:51  Pylon  
  27  3:00  Probe (Chrono Boost)  
  28  3:10  Probe (Chrono Boost)  
  28  3:12  Twilight Council  
  27  3:21  Probe (Chrono Boost)  
  28  3:31  Probe (Chrono Boost)  
  29  3:42  Probe (Chrono Boost)  
  29  3:44  Robotics Facility  
  29  3:48  Resonating Glaives (Chrono Boost)  
  30  3:52  Probe  
  31  4:02  Pylon  
  31  4:05  Probe  
  31  4:06  Gateway  
  31  4:07  Probe  
  31  4:08  Gateway  
  33  4:17  Probe  
  34  4:18  Probe  
  34  4:19  Gateway  
  35  4:25  Gateway  
  35  4:32  Warp Prism  
  35  4:47  Gateway  
  35  4:58  Gateway  
  35  4:59  Gateway  
  35  5:01  Probe  
  35  5:03  Probe  
  37  5:12  Probe  
  38  5:15  Probe  
  38  5:16  Adept x3  
  38  5:17  Adept  
  47  5:21  Pylon  
  47  5:44  Adept x3  
  47  5:45  Adept x2  
  43  6:00  Probe, Assimilator  
  38  6:05  Assimilator  
  38  6:06  Adept x5  
  38  6:07  Probe, Warp Prism  
  51  6:12  Probe  
  52  6:21  Adept  
  54  6:29  Probe x2  
  56  6:33  Blink (Chrono Boost)  
  56  6:38  Adept  
  56  6:39  Adept x2  
  62  6:41  Probe x2  
  62  6:43  Adept  
  66  6:53  Probe  
  67  7:01  Probe  
  66  7:08  Templar Archives, Observer  
  66  7:11  Nexus  
  67  7:20  Adept  
  69  7:26  Pylon  
  69  7:32  Pylon  
  69  7:40  Pylon  
  69  7:44  Immortal  
  71  7:54  Adept x4  
  79  7:59  Probe x2  
  79  8:02  Psionic Storm  
  81  8:11  Probe  
  81  8:12  Probe  
  81  8:16  Robotics Bay  
  79  8:35  Adept x5  
  79  8:36  Adept  
  81  8:49  Probe  
  81  8:50  Probe  
  81  8:53  Immortal  
  67  9:18  Probe  
  67  9:19  Probe  
  67  9:20  Probe  
  67  9:21  High Templar x2  
  67  9:22  High Templar x2  
  67  9:23  Stalker x2  
  82  9:26  Assimilator  
  82  9:29  Warp Prism  
  82  9:30  Probe x2, Assimilator  
  83  9:33  Probe  
  87  9:42  Probe  
  87  9:45  Extended Thermal Lance (Chrono Boost)  
  88  9:52  Forge  
  88  9:53  Pylon  
  88  9:59  Adept x3  
  94  10:00  Adept x2  
  94  10:01  Adept  
  98  10:19  Archon  
  98  10:21  Adept x3  
  100  10:22  Adept  
  100  10:23  Adept  
  100  10:24  Adept  
  86  10:42  Pylon  
  86  10:45  Pylon  
  86  10:46  Stalker x4  
  86  10:47  Stalker  
  82  11:03  Colossus  
  78  11:04  Adept  
  78  11:08  Gateway  
  78  11:10  Gateway  
  86  11:11  Gateway  
  86  11:15  Adept x4  
  86  11:18  Adept  
  90  11:23  Mothership Core  
  85  11:27  Adept  
  89  11:35  Adept x4  
  97  11:40  Adept  
  99  11:51  Pylon  
  97  11:55  Adept x3  
  97  11:56  Adept x2  
  93  12:19  Adept  
  93  12:20  Adept, High Templar x4  
  91  12:25  Archon x2  
  91  12:26  Colossus  
  77  12:48  Adept  
  77  12:49  Adept x4  
  87  12:54  Nexus  
  85  12:59  Mothership Core  
  85  13:01  High Templar  
  85  13:02  High Templar x3  
  95  13:10  Protoss Ground Weapons Level 1 (Chrono Boost)  
  95  13:12  Adept x3  
  101  13:13  Adept x2  
  101  13:16  Colossus  
  105  13:27  Forge  
  111  13:29  Pylon  
  111  13:32  Adept  
  111  13:33  Adept x2  
  109  13:50  High Templar  
  109  13:51  High Templar  
  109  13:53  High Templar  
  115  14:02  Pylon  
  115  14:05  Pylon  
  115  14:06  Pylon  
  73  14:47  Stalker x3  
  73  14:48  Stalker x3  
  55  15:10  Stalker x2, Nexus  
  55  15:11  Stalker  
  61  15:18  High Templar  
  63  15:26  Stalker  
  65  15:37  Stalker  
Show
View Real Time Build Order
Export as new Build Order

Jason Terran - Winner!

Build Orders:  

Get SALT Encoding   

  12  0:01  SCV  
  13  0:13  SCV  
  14  0:17  Supply Depot  
  15  0:28  SCV  
  15  0:40  SCV  
  15  0:41  Barracks  
  16  0:44  Refinery  
  16  0:52  SCV  
  17  1:04  SCV  
  18  1:16  SCV  
  19  1:30  Barracks Reactor, Orbital Command  
  19  1:51  Command Center  
  19  1:54  Bunker  
  18  1:57  SCV  
  19  2:05  Marine x2  
  21  2:10  SCV  
  21  2:14  Supply Depot  
  22  2:22  SCV  
  23  2:36  Factory, Marine  
  24  2:40  Marine  
  24  2:42  SCV  
  26  2:52  Refinery  
  26  2:54  Marine  
  26  2:58  Marine  
  28  3:10  SCV  
  28  3:11  Marine  
  30  3:16  Orbital Command, Marine  
  31  3:22  Factory Tech Lab  
  31  3:23  SCV  
  32  3:32  Orbital Command  
  32  3:34  Engineering Bay  
  32  3:35  SCV  
  33  3:42  Cyclone  
  33  3:47  SCV  
  33  3:48  Marine  
  38  3:57  Starport  
  38  4:00  SCV  
  39  4:05  SCV, Missile Turret  
  39  4:07  Marine  
  39  4:09  Marine  
  42  4:13  SCV  
  42  4:17  Missile Turret  
  42  4:21  SCV  
  43  4:25  SCV  
  44  4:33  SCV  
  44  4:37  SCV  
  46  4:49  Command Center  
  46  4:52  SCV x2  
  48  4:53  Supply Depot  
  48  4:55  Siege Tank  
  51  5:03  Viking  
  51  5:04  SCV  
  54  5:14  Marine x2  
  54  5:15  SCV  
  54  5:16  Supply Depot, SCV  
  58  5:26  Bunker  
  58  5:27  SCV  
  59  5:28  SCV  
  60  5:37  Siege Tank  
  60  5:39  SCV, Supply Depot  
  60  5:40  SCV, Marine x2  
  67  5:51  SCV  
  62  5:59  SCV  
  62  6:00  SCV, Viking  
  62  6:03  SCV  
  62  6:09  Marine x2  
  64  6:11  SCV  
  64  6:15  Siege Tank  
  64  6:17  SCV  
  70  6:20  Orbital Command  
  70  6:23  SCV, Barracks  
  70  6:29  SCV, Refinery  
  70  6:30  Refinery  
  71  6:35  SCV  
  71  6:36  Barracks  
  71  6:41  Marine x2  
  71  6:43  SCV  
  71  6:46  SCV  
  75  6:50  Siege Tank  
  78  6:58  SCV  
  78  7:00  Terran Infantry Armor Level 1  
  78  7:01  Engineering Bay, Starport Reactor  
  79  7:02  Marine x2  
  79  7:05  SCV x2  
  83  7:10  SCV  
  83  7:12  Supply Depot, Barracks Tech Lab  
  84  7:17  SCV  
  84  7:18  Supply Depot  
  84  7:19  Marine  
  84  7:20  Marine  
  87  7:24  Barracks, Orbital Command  
  87  7:26  Barracks  
  87  7:27  SCV  
  88  7:31  Sensor Tower  
  88  7:32  Marine  
  88  7:34  Barracks Tech Lab, Stimpack  
  88  7:36  SCV  
  90  7:39  SCV  
  91  7:46  Marine  
  91  7:48  SCV  
  91  7:50  SCV  
  94  7:51  SCV  
  94  7:53  Combat Shields, Medivac  
  94  7:54  Medivac  
  99  8:00  SCV  
  99  8:02  SCV  
  99  8:05  Sensor Tower  
  101  8:06  Marine  
  101  8:07  SCV  
  101  8:09  Terran Infantry Weapons Level 1, Marine x2  
  105  8:14  Barracks Reactor, Armory  
  105  8:16  Barracks Reactor, SCV  
  105  8:19  SCV  
  107  8:21  SCV  
  107  8:22  Marine  
  109  8:29  Supply Depot  
  109  8:30  Supply Depot  
  109  8:35  Marine  
  109  8:36  SCV, Marine  
  109  8:37  Medivac  
  109  8:38  Marine  
  105  8:45  Marine  
  105  8:46  SCV  
  97  8:51  Marine  
  97  8:53  SCV, Marine  
  97  8:54  Marine  
  95  8:55  Marine  
  95  8:59  Supply Depot  
  95  9:01  SCV  
  85  9:05  SCV x2  
  85  9:06  Marine x2  
  85  9:07  Marine  
  88  9:10  Marine x2  
  88  9:12  Marine  
  88  9:13  SCV  
  88  9:14  Marine  
  88  9:15  Marine  
  93  9:17  SCV x2  
  93  9:21  Medivac x2  
  93  9:23  Marine  
  100  9:24  Marine  
  100  9:25  SCV  
  100  9:29  SCV x2  
  104  9:33  Marine  
  104  9:35  Marine  
  104  9:37  SCV, Sensor Tower, Marine  
  108  9:38  Marine  
  108  9:41  SCV  
  108  9:43  Siege Tank  
  113  9:46  Marine  
  113  9:49  SCV  
  115  9:52  Marine  
  115  9:53  SCV, Marine x2  
  115  9:58  SCV  
  120  10:00  Marine x2  
  120  10:01  SCV  
  120  10:02  Marine  
  120  10:04  Marine x2  
  125  10:20  Marine x2  
  125  10:21  Marine x2  
  120  10:24  Marine  
  109  10:28  Marine  
  109  10:29  SCV, Marine x2  
  109  10:35  Siege Tank  
  109  10:38  Marine x3  
  109  10:39  Marine  
  109  10:40  SCV  
  109  10:41  SCV  
  109  10:42  Marine  
  109  10:46  Marine x2  
  111  10:51  Marine  
  107  10:59  Marine  
  107  11:00  Marine  
  107  11:01  Marine x2  
  107  11:03  SCV  
  107  11:04  Marine x2  
  107  11:05  SCV x2  
  107  11:07  Refinery  
  107  11:08  Refinery  
  107  11:09  Marine  
  107  11:10  Factory  
  112  11:13  Barracks x2  
  112  11:14  Barracks  
  112  11:16  SCV, Marine  
  112  11:17  SCV, Marine  
  112  11:18  Siege Tank, Marine x2  
  116  11:19  Marine  
  116  11:24  Medivac  
  116  11:25  Marine x2  
  118  11:26  SCV  
  118  11:27  Marine  
  118  11:28  SCV, Medivac  
  118  11:29  SCV  
  125  11:40  Marine x3  
  125  11:44  Marine  
  125  11:46  Marine  
  130  11:47  Marine  
  130  11:48  Marine x2  
  133  12:02  Supply Depot x2  
  133  12:03  Barracks  
  133  12:09  SCV, Siege Tank, Marine x2  
  133  12:14  Marine  
  122  12:17  Marine  
  122  12:19  Marine  
  122  12:20  Marine x2  
  122  12:21  Marine x2  
  117  12:24  Marine  
  117  12:25  Marine  
  117  12:27  Marine  
  117  12:28  Marine  
  117  12:29  Widow Mine  
  118  12:32  Medivac, Marine  
  118  12:33  Terran Infantry Weapons Level 2, Terran Infantry Armor Level 2  
  118  12:35  Marine  
  118  12:36  Marine  
  125  12:38  Marine x2  
  125  12:39  Marine x2  
  125  12:42  Marine  
  125  12:43  SCV x2, Marine  
  129  12:45  Marine  
  129  12:49  Marine  
  129  12:50  Marine  
  132  12:54  Marine  
  132  12:56  Marine  
  132  12:57  Marine x2  
  133  13:00  Marine x4  
  133  13:03  Marine x2  
  133  13:04  SCV  
  139  13:07  Marine x2  
  139  13:12  Factory Tech Lab, Siege Tank, Marine  
  145  13:14  Marine x3  
  145  13:17  Supply Depot  
  145  13:18  Marine x2  
  145  13:19  Marine x2  
  151  13:21  Marine x2  
  151  13:25  Marine x2  
  155  13:30  Supply Depot, Marine  
  155  13:32  Marine  
  157  13:38  Marine  
  158  13:44  Marine  
  158  13:45  Marine x2  
  158  13:46  Marine  
  158  13:48  Marine x3  
  164  13:51  Marine x4  
  164  13:52  Siege Tank  
  171  13:56  Marine  
  171  14:02  Marine x2  
  171  14:03  Marine  
  173  14:11  Marine x3  
  173  14:12  Marine  
  173  14:14  Marine  
  171  14:36  Orbital Command  
  159  14:47  Marine x3  
  159  14:48  Marine x6  
  159  14:50  Marine  
  148  14:56  Marine  
  148  14:59  Marine  
  148  15:05  Marine x2  
  148  15:08  Marine  
Tags
 
Add a new tag
Caveats
  • Supply blocks, unpowered buildings, or Contaminate may cause inaccurate times.
  • Supply counts are checked every 10 seconds.